AoeStats
← lgdaniel

Arena

508941580Analyzed
3v3 RM · 9d ago on Sep 24, 2026· 49m 9s· 6 players
Game mode
Random Map
Map size
Normal (6 player)
Population
200
Speed
Normal
Resources
Standard
Victory
Conquest
Starting age
Dark Age
Ending age
Imperial Age
RankedLock teamsTeams togetherTeam positionsShared explorationLock speedFull tech treeHidden civsTurbo modeCheats
Victory
Defeat
🇨🇴 Bohemians · Colombia
1044
+14
🇦🇷 Sicilians · Argentina
994
+16
🇹🇷 Turks · Türkiye
958
+18
🇵🇱 Poles · Poland
1019
-17
🇩🇪 Spanish · Germany
995
-16
🇪🇸 Persians · Spain
980
-15
La Khukharacha
6:32 Loom
8:58 Feudal Age
9:41 Double-Bit Axe
14:24 Horse Collar
21:22 Castle Age
21:54 Stone Mining
29:26 Bow Saw
29:16 Heavy Plow
32:57 Imperial Age
31:05 Wheelbarrow
30:15 Town Watch
31:04 Squires
32:25 Scale Mail Armor
33:45 Gold Mining
34:30 Stone Shaft Mining
34:40 Fletching
34:51 Padded Archer Armor
34:59 Crossbowman
36:07 Bodkin Arrow
37:08 Ballistics
37:36 Bracer
38:08 Conscription
37:48 Arbalester
40:56 Chemistry
40:36 Leather Archer Armor
43:50 Hand Cart
43:55 Masonry
45:02 Scale Barding Armor
44:59 Light Cavalry
45:50 Bloodlines
45:40 Husbandry
48:19 Thumb Ring
kainum
10:44 Feudal Age
15:36 Castle Age
14:20 Double-Bit Axe
15:51 Scale Barding Armor
16:11 Gold Mining
16:35 Forging
24:39 Chain Barding Armor
24:55 Iron Casting
25:22 Horse Collar
25:57 Bow Saw
27:18 Loom
30:14 Wheelbarrow
32:28 Heavy Plow
35:10 Imperial Age
33:32 Kamandaran
34:30 Crossbowman
35:16 Thumb Ring
36:19 Husbandry
36:30 Bloodlines
35:41 Cavalier
38:09 Conscription
38:01 Fletching
38:12 Padded Archer Armor
38:48 Plate Barding Armor
39:14 Blast Furnace
40:24 Chemistry
39:38 Bodkin Arrow
40:07 Ballistics
39:43 Murder Holes
40:00 Masonry
44:05 Savar
44:06 Light Cavalry
45:26 Gold Shaft Mining
45:54 Hand Cart
46:16 Leather Archer Armor
47:40 Ring Archer Armor
lgdaniel
5:19 Loom
10:44 Feudal Age
16:00 Castle Age
16:11 Fletching
16:12 Double-Bit Axe
20:58 Horse Collar
24:00 Bow Saw
24:59 Wheelbarrow
26:46 Hand Cart
29:51 Imperial Age
28:10 Gold Mining
29:36 Ballistics
29:52 Bodkin Arrow
33:54 Chemistry
35:03 Bodkin Arrow
35:51 Elite Conquistador
37:02 Bracer
38:07 Bracer
43:21 Bloodlines
42:32 Light Cavalry
43:29 Scale Barding Armor
44:42 Chain Barding Armor
44:24 Husbandry
45:04 Forging
44:15 Hussar
45:11 Town Watch
44:57 Pikeman
45:40 Scale Mail Armor
46:30 Plate Barding Armor
45:41 Halberdier
luismjchan
10:44 Feudal Age
11:40 Horse Collar
11:47 Double-Bit Axe
16:45 Loom
19:26 Castle Age
20:47 Pikeman
21:50 Forging
21:41 Scale Mail Armor
24:28 Iron Casting
25:44 Squires
29:30 Imperial Age
28:52 Chemistry
29:33 Padded Archer Armor
31:25 Wheelbarrow
31:11 Bow Saw
33:53 Leather Archer Armor
34:46 Ballistics
36:09 Chain Mail Armor
36:35 Halberdier
38:29 Town Watch
39:53 Two-Man Saw
41:21 Houfnice
41:57 Elite Skirmisher
44:00 Fletching
44:43 Ring Archer Armor
44:45 Masonry
45:48 Siege Engineers
46:23 Bodkin Arrow
47:51 Conscription
[ESTG] Daupoch
9:36 Loom
11:22 Feudal Age
12:46 Double-Bit Axe
12:42 Horse Collar
14:42 Fletching
16:42 Scale Mail Armor
25:04 Castle Age
24:59 Forging
26:08 Heavy Plow
26:26 Bow Saw
26:09 Gold Mining
28:05 Chain Mail Armor
27:39 Pikeman
27:51 Pikeman
28:17 Gambesons
29:43 Wheelbarrow
29:42 Squires
34:35 Imperial Age
32:43 Iron Casting
34:30 Bodkin Arrow
35:19 Hand Cart
36:00 Hoardings
36:07 Crop Rotation
36:10 Plate Mail Armor
36:41 Blast Furnace
37:09 Murder Holes
37:25 Masonry
40:02 Scale Barding Armor
40:54 Bloodlines
40:46 Husbandry
40:07 Cavalier
41:30 Chain Barding Armor
41:57 Gold Shaft Mining
43:27 Plate Barding Armor
Yüce Ahmet
0:29 Loom
11:28 Feudal Age
13:06 Wheelbarrow
12:19 Double-Bit Axe
12:17 Horse Collar
12:36 Man-at-Arms
18:35 Bloodlines
24:41 Castle Age
23:01 Stone Mining
23:02 Gold Mining
26:24 Heavy Plow
29:42 Bow Saw
29:56 Husbandry
33:52 Hand Cart
37:09 Imperial Age
34:24 Town Watch
35:44 Forging
35:40 Scale Barding Armor
35:36 Scale Mail Armor
38:06 Iron Casting
37:53 Chain Barding Armor
37:24 Fletching
37:34 Padded Archer Armor
38:30 Chain Mail Armor
38:41 Conscription
37:53 Sappers
40:09 Blast Furnace
40:15 Elite Janissary
41:31 Hoardings
42:58 Two-Man Saw
43:06 Plate Barding Armor
42:47 Leather Archer Armor
42:27 Bodkin Arrow
43:03 Plate Mail Armor
43:51 Heavy Camel Rider
44:43 Caravan
Connection lost

Rejoining the realm…

Still unreachable

The connection could not be restored.

Session expired

The server has moved on; the page needs a fresh start.